| TOP OF THE 1ST |
|
Hillsboro Hops batting - Pitching for Tri-City Dust Devils : RHP Nick Goodlow
|
|
Pitching: RHP Nick Goodlow
|
|
|
Batting: RHB Yutaka Oki
|
0-0: Ball 1-0: Ball 2-0: Called Strike 2-1: Ground out 6-3 (Groundball, 6, EV 79.4 MPH)
|
|
Batting: RHB Daniel Rivera
|
0-0: Ball 1-0: Foul Ball, location: 2F 1-1: Ball 2-1: Ball 3-1: Base on Balls
|
|
Batting: RHB Terry Jarrells
|
0-0: Ball 1-0: Ball Wild Pitch! Daniel Rivera to second 2-0: Ground out U3 (Groundball, 3, EV 90.0 MPH) Daniel Rivera to third
|
|
Batting: LHB Franklin Quezada
|
0-0: Swinging Strike 0-1: Foul Ball, location: 2F 0-2: Ball 1-2: Ground out 6-3 (Groundball, P, EV 83.1 MPH)
|
| Top of the 1st over - 0 runs, 0 hits, 0 errors, 1 left on base; Hillsboro 0 - Tri-City 0 |
| BOTTOM OF THE 1ST |
|
Tri-City Dust Devils batting - Pitching for Hillsboro Hops : RHP Jordan Rondon
|
|
Pitching: RHP Jordan Rondon
|
|
|
Batting: LHB Ramon Vega
|
0-0: Ball 1-0: Ball 2-0: Ball 3-0: Base on Balls
|
|
Batting: LHB Phil Lerner
|
0-0: Ball 1-0: Called Strike Ramon Vega steals 2nd base (no throw) 1-1: Ball 2-1: Ball 3-1: Called Strike 3-2: Foul Ball, location: 2F 3-2: SINGLE (Flyball, 4MD, EV 95.0 MPH) Ramon Vega to third
|
|
Batting: SHB Isaiah Scates
|
0-0: Called Strike 0-1: Swinging Strike 0-2: Foul Ball, location: 2F 0-2: Foul Ball, location: 2F 0-2: Ball 1-2: Strikes out swinging
|
|
Batting: RHB Eric McMillian
|
0-0: Called Strike 0-1: Ball Wild Pitch! Ramon Vega scores Phil Lerner to second 1-1: Called Strike 1-2: Ball 2-2: Strikes out swinging
|
|
Batting: RHB Hector Fernandez
|
0-0: Foul Ball, location: 2F 0-1: Swinging Strike 0-2: Ball 1-2: Ball 2-2: Strikes out swinging
|
| Bottom of the 1st over - 1 run, 1 hit, 0 errors, 1 left on base; Hillsboro 0 - Tri-City 1 |
| TOP OF THE 2ND |
|
Hillsboro Hops batting - Pitching for Tri-City Dust Devils : RHP Nick Goodlow
|
|
Batting: RHB Jonathan Underhill
|
0-0: Ball 1-0: Swinging Strike 1-1: Swinging Strike 1-2: Fly out, F7 (Flyball, 7LS, EV 93.1 MPH)
|
|
Batting: RHB Cesar Rendon
|
0-0: Ball 1-0: DOUBLE (Flyball, 8LXD, EV 104.4 MPH)
|
|
Batting: RHB Antonio Luisa
|
0-0: Foul Ball, location: 2F 0-1: Foul Ball, location: 2F 0-2: Strikes out swinging
|
|
Batting: RHB Sean Tanner
|
0-0: Swinging Strike 0-1: Ball 1-1: Foul Ball, location: 2F 1-2: Ball 2-2: Ball 3-2: Ground out 5-3 (Groundball, 56, EV 77.5 MPH)
|
| Top of the 2nd over - 0 runs, 1 hit, 0 errors, 1 left on base; Hillsboro 0 - Tri-City 1 |
| BOTTOM OF THE 2ND |
|
Tri-City Dust Devils batting - Pitching for Hillsboro Hops : RHP Jordan Rondon
|
|
Batting: RHB Frank Elizondo
|
0-0: Foul Ball, location: 2F 0-1: Ball 1-1: Ball 2-1: Swinging Strike 2-2: Strikes out swinging
|
|
Batting: RHB Max Stillo
|
0-0: Ground out 4-3 (Groundball, 4, EV 83.8 MPH)
|
|
Batting: RHB Shane Bruce
|
0-0: SINGLE (Flyball, 8LS, EV 100.0 MPH) - OUT at second base trying to stretch hit.
|
| Bottom of the 2nd over - 0 runs, 1 hit, 0 errors, 0 left on base; Hillsboro 0 - Tri-City 1 |
| TOP OF THE 3RD |
|
Hillsboro Hops batting - Pitching for Tri-City Dust Devils : RHP Nick Goodlow
|
|
Batting: LHB Josh Kirk
|
0-0: Called Strike 0-1: Ground out 4-3 (Groundball, 4S, EV 83.8 MPH)
|
|
Batting: RHB Yutaka Oki
|
0-0: Called Strike 0-1: Ball 1-1: Ball 2-1: SINGLE (Popup, 5D, EV 56.9 MPH)
|
|
Batting: RHB Daniel Rivera
|
0-0: Called Strike 0-1: Ball 1-1: Ball 2-1: Foul Ball, location: 2F 2-2: Foul Ball, location: 2F 2-2: Ball 3-2: Base on Balls Yutaka Oki to second
|
|
Batting: RHB Terry Jarrells
|
0-0: Ball 1-0: Called Strike 1-1: Ball 2-1: Ball 3-1: Foul Ball, location: 2F 3-2: Fielders Choice at 2nd, 5-4 (Groundball, 56, EV 85.0 MPH) Yutaka Oki to third
|
|
Batting: LHB Franklin Quezada
|
0-0: Swinging Strike 0-1: Ball 1-1: Swinging Strike 1-2: Ball 2-2: Fly out, F9 (Flyball, 89M, EV 94.4 MPH)
|
| Top of the 3rd over - 0 runs, 1 hit, 0 errors, 2 left on base; Hillsboro 0 - Tri-City 1 |
| BOTTOM OF THE 3RD |
|
Tri-City Dust Devils batting - Pitching for Hillsboro Hops : RHP Jordan Rondon
|
|
Batting: RHB Ed Oake
|
0-0: Ball 1-0: Swinging Strike 1-1: Called Strike 1-2: Fly out, F9 (Flyball, 9S, EV 91.2 MPH)
|
|
Batting: LHB Ramon Vega
|
0-0: Ground out 4-3 (Groundball, 34, EV 85.0 MPH)
|
|
Batting: LHB Phil Lerner
|
0-0: Called Strike 0-1: Ball 1-1: Ball 2-1: Foul Ball, location: 2F 2-2: Strikes out swinging
|
| Bottom of the 3rd over - 0 runs, 0 hits, 0 errors, 0 left on base; Hillsboro 0 - Tri-City 1 |
| TOP OF THE 4TH |
|
Hillsboro Hops batting - Pitching for Tri-City Dust Devils : RHP Nick Goodlow
|
|
Batting: RHB Jonathan Underhill
|
0-0: Ground out 6-3 (Groundball, 6, EV 83.8 MPH)
|
|
Batting: RHB Cesar Rendon
|
0-0: Ball 1-0: Ball 2-0: Foul Ball, location: 2F 2-1: DOUBLE (Flyball, 8RD, EV 108.1 MPH)
|
|
Batting: RHB Antonio Luisa
|
0-0: Ball 1-0: Ground out 6-3 (Groundball, 6, EV 85.6 MPH)
|
|
Batting: RHB Sean Tanner
|
0-0: Ball 1-0: Ball 2-0: Called Strike 2-1: Swinging Strike 2-2: 2-RUN HOME RUN (Flyball, 8RXD, EV 115.6 MPH), Distance : 448 ft
|
|
Batting: LHB Josh Kirk
|
0-0: Ball 1-0: Foul Ball, location: 2F 1-1: Swinging Strike 1-2: Foul Ball, location: 2F 1-2: DOUBLE (Line Drive, 7LS, EV 113.8 MPH)
|
|
Batting: RHB Yutaka Oki
|
0-0: Ball 1-0: Ball 2-0: Ball 3-0: Called Strike 3-1: SINGLE (Line Drive, 8LS, EV 114.4 MPH) Josh Kirk to third Runner from 3rd tries for Home, SAFE, throw by CF to home
|
|
Batting: RHB Daniel Rivera
|
0-0: SINGLE (Groundball, 6, EV 101.2 MPH) Yutaka Oki to second
|
|
Batting: RHB Terry Jarrells
|
0-0: Called Strike 0-1: Ball 1-1: Foul Ball, location: 2F 1-2: Foul Ball, location: 2F 1-2: Foul Ball, location: 2F 1-2: Fielders Choice at 2nd, 5-4 (Groundball, 56, EV 83.8 MPH)
|
| Top of the 4th over - 3 runs, 5 hits, 0 errors, 2 left on base; Hillsboro 3 - Tri-City 1 |
| BOTTOM OF THE 4TH |
|
Tri-City Dust Devils batting - Pitching for Hillsboro Hops : RHP Jordan Rondon
|
|
Batting: SHB Isaiah Scates
|
0-0: Ball 1-0: Swinging Strike 1-1: Ball 2-1: Ball 3-1: Base on Balls
|
|
Batting: RHB Eric McMillian
|
0-0: Called Strike 0-1: Ball 1-1: Fielders Choice at 2nd, 4-6 (Groundball, 4, EV 103.1 MPH)
|
|
Batting: RHB Hector Fernandez
|
0-0: Fly out, F8 (Flyball, 89XD, EV 102.5 MPH)
|
|
Batting: RHB Frank Elizondo
|
0-0: Foul Ball, location: 2F 0-1: Swinging Strike 0-2: Strikes out swinging
|
| Bottom of the 4th over - 0 runs, 0 hits, 0 errors, 1 left on base; Hillsboro 3 - Tri-City 1 |
| TOP OF THE 5TH |
|
Hillsboro Hops batting - Pitching for Tri-City Dust Devils : RHP Nick Goodlow
|
|
Batting: LHB Franklin Quezada
|
0-0: Called Strike 0-1: Ball 1-1: Ground out 4-3 (Groundball, 4, EV 87.5 MPH)
|
|
Batting: RHB Jonathan Underhill
|
0-0: Called Strike 0-1: Ball 1-1: SINGLE (Groundball, 56D, EV 94.4 MPH)
|
|
Batting: RHB Cesar Rendon
|
0-0: SINGLE (Groundball, 6MD, EV 94.4 MPH) Jonathan Underhill to second Runner from 2nd tries for 3rd, SAFE, throw by CF made to third
|
|
Batting: RHB Antonio Luisa
|
0-0: DOUBLE (Line Drive, 78D, EV 111.9 MPH) Jonathan Underhill scores Cesar Rendon to third Runner from 3rd tries for Home, SAFE, throw by CF to home
|
|
Pitching: RHP Andres Burgos
|
|
|
Batting: RHB Sean Tanner
|
0-0: Called Strike 0-1: Swinging Strike 0-2: Ball 1-2: Strikes out looking
|
|
Batting: LHB Josh Kirk
|
0-0: Called Strike 0-1: SINGLE (Line Drive, 34D, EV 97.5 MPH) Antonio Luisa to third
|
|
Batting: RHB Yutaka Oki
|
0-0: Ball 1-0: Swinging Strike 1-1: Ball 2-1: Ball 3-1: Called Strike 3-2: Ground out 4-3 (Groundball, 4, EV 80.6 MPH)
|
| Top of the 5th over - 2 runs, 4 hits, 0 errors, 2 left on base; Hillsboro 5 - Tri-City 1 |
| BOTTOM OF THE 5TH |
|
Tri-City Dust Devils batting - Pitching for Hillsboro Hops : RHP Jordan Rondon
|
|
Batting: RHB Max Stillo
|
0-0: Ball 1-0: SINGLE (Groundball, 6MD, EV 103.8 MPH)
|
|
Batting: RHB Shane Bruce
|
0-0: Ball 1-0: Ball 2-0: SINGLE (Groundball, 56D, EV 106.2 MPH) Max Stillo to second
|
|
Batting: RHB Ed Oake
|
0-0: Ball Wild Pitch! Max Stillo to third Shane Bruce to second 1-0: Swinging Strike 1-1: SINGLE (Groundball, 56D, EV 101.2 MPH) Max Stillo scores Shane Bruce to third
|
|
Batting: LHB Ramon Vega
|
0-0: Called Strike 0-1: Called Strike 0-2: Strikes out swinging
|
|
Batting: LHB Phil Lerner
|
0-0: Fielders Choice at 2nd, 4-6 (Groundball, 4, EV 92.5 MPH) Shane Bruce scores
|
|
Batting: SHB Isaiah Scates
|
0-0: Ball 1-0: Called Strike Phil Lerner steals 2nd base 1-1: Ball 2-1: Ball Wild Pitch! Phil Lerner to third 3-1: Ground out 4-3 (Groundball, 4, EV 80.6 MPH)
|
| Bottom of the 5th over - 2 runs, 3 hits, 0 errors, 1 left on base; Hillsboro 5 - Tri-City 3 |
| TOP OF THE 6TH |
|
Hillsboro Hops batting - Pitching for Tri-City Dust Devils : RHP Andres Burgos
|
|
Batting: RHB Daniel Rivera
|
0-0: Fly out, F7 (Flyball, 78M, EV 85.0 MPH)
|
|
Batting: RHB Terry Jarrells
|
0-0: Ball 1-0: Called Strike 1-1: Ball 2-1: Ball 3-1: Ground out 4-3 (Groundball, 4, EV 89.4 MPH)
|
|
Batting: LHB Franklin Quezada
|
0-0: Ball 1-0: Called Strike 1-1: Ball 2-1: Foul Ball, location: 2F 2-2: Ball 3-2: Ground out 1-3 (Groundball, 13, EV 73.1 MPH)
|
| Top of the 6th over - 0 runs, 0 hits, 0 errors, 0 left on base; Hillsboro 5 - Tri-City 3 |
| BOTTOM OF THE 6TH |
|
Tri-City Dust Devils batting - Pitching for Hillsboro Hops : RHP Jordan Rondon
|
|
Batting: RHB Eric McMillian
|
0-0: Called Strike 0-1: Called Strike 0-2: Foul Ball, location: 2F 0-2: Ball 1-2: Foul Ball, location: 2F 1-2: DOUBLE (Line Drive, 78XD, EV 107.5 MPH)
|
|
Batting: RHB Hector Fernandez
|
0-0: SINGLE (Groundball, 6MS, EV 71.9 MPH) (infield hit) Eric McMillian to third
|
|
Batting: RHB Frank Elizondo
|
0-0: Ball 1-0: Foul Ball, location: 2F 1-1: Swinging Strike 1-2: Strikes out swinging
|
|
Batting: RHB Max Stillo
|
0-0: Called Strike 0-1: Foul Ball, location: 2F 0-2: Ball 1-2: Foul Ball, location: 2F 1-2: Ball 2-2: Strikes out swinging
|
|
Batting: RHB Shane Bruce
|
0-0: Called Strike 0-1: Ball 1-1: Swinging Strike 1-2: Fly out, F7 (Flyball, 7, EV 96.9 MPH)
|
| Bottom of the 6th over - 0 runs, 2 hits, 0 errors, 2 left on base; Hillsboro 5 - Tri-City 3 |
| TOP OF THE 7TH |
|
Hillsboro Hops batting - Pitching for Tri-City Dust Devils : RHP Andres Burgos
|
|
Batting: RHB Jonathan Underhill
|
0-0: Foul Ball, location: 2F 0-1: DOUBLE (Line Drive, 89M, EV 85.6 MPH)
|
|
Batting: RHB Cesar Rendon
|
0-0: Ball 1-0: Reached on error, E3 (Groundball, 23, EV 43.8 MPH) Jonathan Underhill scores
|
|
Batting: RHB Antonio Luisa
|
0-0: Foul Ball, location: 2F 0-1: Ball 1-1: SINGLE (Line Drive, 9S, EV 85.6 MPH) Cesar Rendon to third
|
|
Batting: RHB Sean Tanner
|
0-0: Ball 1-0: Foul Ball, location: 2F 1-1: Called Strike 1-2: Foul Ball, location: 2F 1-2: Ball 2-2: Ball 3-2: Fly out, F3 (Line Drive, 3, EV 66.2 MPH)
|
|
Pitching: RHP Chris Pisor
|
|
|
Batting: LHB Josh Kirk
|
0-0: Called Strike 0-1: Ball 1-1: Swinging Strike 1-2: Strikes out swinging
|
|
Pitching: RHP Cal Abbott
|
|
|
Batting: RHB Yutaka Oki
|
0-0: Fly out, F7 (Flyball, 7LD, EV 88.1 MPH)
|
| Top of the 7th over - 1 run, 2 hits, 1 error, 2 left on base; Hillsboro 6 - Tri-City 3 |
| BOTTOM OF THE 7TH |
|
Tri-City Dust Devils batting - Pitching for Hillsboro Hops : RHP Jordan Rondon
|
|
Batting: RHB Ed Oake
|
0-0: Called Strike 0-1: SINGLE (Groundball, 6MD, EV 96.9 MPH)
|
|
Batting: LHB Ramon Vega
|
0-0: Sac Bunt to 13 - play at first, batter OUT! 1-3 Ed Oake to second
|
|
Batting: LHB Phil Lerner
|
0-0: Ball 1-0: Called Strike 1-1: Ball 2-1: Ball 3-1: Base on Balls
|
|
Pitching: RHP Dan Thompson
|
|
|
Batting: SHB Isaiah Scates
|
0-0: Foul Ball, location: 2F 0-1: Ball 1-1: Foul Ball, location: 2F 1-2: Foul Ball, location: 2F 1-2: Ball 2-2: Ball 3-2: Grounds into double play, 6-4-3 (Groundball, 6, EV 100.0 MPH)
|
| Bottom of the 7th over - 0 runs, 1 hit, 0 errors, 1 left on base; Hillsboro 6 - Tri-City 3 |
| TOP OF THE 8TH |
|
Hillsboro Hops batting - Pitching for Tri-City Dust Devils : RHP Cal Abbott
|
|
Batting: RHB Daniel Rivera
|
0-0: DOUBLE (Flyball, 78D, EV 98.8 MPH)
|
|
Batting: RHB Terry Jarrells
|
0-0: Ball 1-0: Fly out, F7 (Line Drive, 7, EV 91.9 MPH)
|
|
Batting: LHB Franklin Quezada
|
0-0: Foul Ball, location: 2F 0-1: SINGLE (Line Drive, 7S, EV 103.8 MPH) Daniel Rivera to third
|
|
Batting: RHB Jonathan Underhill
|
0-0: Fly out, F8 (Flyball, 8RD, EV 91.9 MPH)
|
|
Batting: RHB Cesar Rendon
|
0-0: Ball 1-0: Ground out 5-3 (Groundball, 56S, EV 93.8 MPH)
|
| Top of the 8th over - 0 runs, 2 hits, 0 errors, 2 left on base; Hillsboro 6 - Tri-City 3 |
| BOTTOM OF THE 8TH |
|
Tri-City Dust Devils batting - Pitching for Hillsboro Hops : RHP Dan Thompson
|
|
Batting: RHB Eric McMillian
|
0-0: Foul Ball, location: 2F 0-1: Ball 1-1: Ball 2-1: Fly out, F6 (Line Drive, 6, EV 63.1 MPH)
|
|
Batting: RHB Hector Fernandez
|
0-0: Called Strike 0-1: Ball 1-1: Foul Ball, location: 2F 1-2: Foul Ball, location: 2F 1-2: Ball 2-2: Foul Ball, location: 2F 2-2: Ground out 5-3 (Groundball, 56, EV 83.1 MPH)
|
|
Batting: RHB Frank Elizondo
|
0-0: Swinging Strike 0-1: Foul Ball, location: 2F 0-2: Strikes out looking
|
| Bottom of the 8th over - 0 runs, 0 hits, 0 errors, 0 left on base; Hillsboro 6 - Tri-City 3 |
| TOP OF THE 9TH |
|
Hillsboro Hops batting - Pitching for Tri-City Dust Devils : RHP Cal Abbott
|
|
Pitching: RHP Troy Conners
|
|
|
Batting: RHB Antonio Luisa
|
0-0: Ball 1-0: Foul Ball, location: 2F 1-1: Called Strike 1-2: Ball 2-2: Foul Ball, location: 2F 2-2: Ground out 1-3 (Groundball, 13, EV 66.9 MPH)
|
|
Batting: RHB Sean Tanner
|
0-0: Ball 1-0: Swinging Strike 1-1: Swinging Strike 1-2: Ball 2-2: Ball 3-2: Strikes out swinging
|
|
Batting: LHB Josh Kirk
|
0-0: SINGLE (Groundball, 56D, EV 103.1 MPH)
|
|
Batting: RHB Yutaka Oki
|
0-0: Called Strike Josh Kirk steals 2nd base 0-1: Swinging Strike 0-2: Ball 1-2: Ball 2-2: Ground out 6-3 (Groundball, 6, EV 92.5 MPH)
|
| Top of the 9th over - 0 runs, 1 hit, 0 errors, 1 left on base; Hillsboro 6 - Tri-City 3 |
| BOTTOM OF THE 9TH |
|
Tri-City Dust Devils batting - Pitching for Hillsboro Hops : RHP Dan Thompson
|
|
Pitching: LHP Matt Bagnall
|
|
|
Batting: RHB Max Stillo
|
0-0: Called Strike 0-1: Ground out 6-3 (Groundball, 6, EV 84.4 MPH)
|
|
Batting: RHB Shane Bruce
|
0-0: Ball 1-0: Foul Ball, location: 2F 1-1: Ball 2-1: Foul Ball, location: 2F 2-2: Foul Ball, location: 2F 2-2: Ball 3-2: Foul Ball, location: 2F 3-2: SINGLE (Groundball, 5D, EV 102.5 MPH)
|
|
Batting: RHB Ed Oake
|
0-0: Ball 1-0: Called Strike 1-1: Swinging Strike 1-2: Foul Ball, location: 2F 1-2: Ball 2-2: Strikes out swinging
|
|
Pinch Hitting: RHB Mike MacLeod
|
0-0: Ball 1-0: Foul Ball, location: 2F 1-1: Ball 2-1: Called Strike 2-2: Fielders Choice at 2nd, 6-4 (Groundball, 6, EV 98.8 MPH)
|
| Bottom of the 9th over - 0 runs, 1 hit, 0 errors, 1 left on base; Hillsboro 6 - Tri-City 3 |
|